APP
SAN FRANCISCO (APP) GIANTS @ JOHNSON CITY CARDINALS
07/01/2047
 
TOP OF THE 1ST
San Francisco (APP) Giants batting - Pitching for Johnson City Cardinals : RHP Chris Moore
Pitching: RHP Chris Moore
Batting: LHB Mason Duffy 0-0: Ball
1-0: Foul Ball, location: 2F
1-1: Ground out 4-3 (Groundball, 4, EV 110.0 MPH)
Pitching: LHP Gonnohyoe Hata
Batting: RHB Coen Dirks 0-0: Ball
1-0: Ball
2-0: Swinging Strike
2-1: Ball
3-1: Foul Ball, location: 2F
3-2: Ground out 1-3 (Groundball, 13S, EV 69.4 MPH)
Batting: LHB Steve Nevis 0-0: Ball
1-0: Swinging Strike
1-1: Swinging Strike
1-2: Ball
2-2: Foul Ball, location: 2F
2-2: Fly out, F9 (Flyball, 9LS, EV 77.5 MPH)
Top of the 1st over - 0 runs, 0 hits, 0 errors, 0 left on base; San Francisco (APP) 0 - Johnson City 0
BOTTOM OF THE 1ST
Johnson City Cardinals batting - Pitching for San Francisco (APP) Giants : RHP Tony Nateras
Pitching: RHP Tony Nateras
Batting: RHB Chris Rouleau 0-0: Foul Ball, location: 2F
0-1: Foul Ball, location: 2F
0-2: Foul Ball, location: 2F
0-2: Ball
1-2: Ball
2-2: Foul Ball, location: 2F
2-2: Ball
3-2: Base on Balls
Batting: SHB Justin Towry 0-0: Ball
Chris Rouleau steals 2nd base
1-0: Ball
Chris Rouleau steals 3rd base
2-0: Called Strike
2-1: Foul Ball, location: 2F
2-2: SINGLE (Groundball, 56D, EV 99.4 MPH)
Chris Rouleau scores
Batting: SHB Justin Houser 0-0: Ball
1-0: Ball
2-0: Ball
3-0: Base on Balls
Justin Towry to second
Batting: LHB Ignacio Ocampo 0-0: Called Strike
0-1: Foul Ball, location: 2F
0-2: DOUBLE (Groundball, 3L, EV 105.6 MPH)
Justin Towry scores
Justin Houser to third
Batting: RHB Adam Hudson 0-0: Foul Ball, location: 2F
0-1: Ball
1-1: Ball
2-1: Swinging Strike
2-2: Strikes out swinging
Batting: RHB Sal Guzman 0-0: Ball
1-0: Ball
2-0: Ball
3-0: Called Strike
3-1: Swinging Strike
3-2: Strikes out swinging
Batting: RHB Sam Daw 0-0: Ball
1-0: Called Strike
1-1: Foul Ball, location: 2F
1-2: Strikes out looking
Bottom of the 1st over - 2 runs, 2 hits, 0 errors, 2 left on base; San Francisco (APP) 0 - Johnson City 2
TOP OF THE 2ND
San Francisco (APP) Giants batting - Pitching for Johnson City Cardinals : LHP Gonnohyoe Hata
Batting: RHB Edwin Verdugo 0-0: Foul Ball, location: 2F
0-1: Ball
1-1: Swinging Strike
1-2: Fly out, F7 (Flyball, 7S, EV 86.9 MPH)
Batting: RHB Brian Rogers 0-0: Ball
1-0: Ball
2-0: Called Strike
2-1: Ball
3-1: Called Strike
3-2: Base on Balls
Batting: RHB Billy Pranger Pickoff Throw to First - Out! 1-3
0-0: Ball
1-0: Called Strike
1-1: Foul Ball, location: 2F
1-2: Strikes out swinging
Top of the 2nd over - 0 runs, 0 hits, 0 errors, 0 left on base; San Francisco (APP) 0 - Johnson City 2
BOTTOM OF THE 2ND
Johnson City Cardinals batting - Pitching for San Francisco (APP) Giants : RHP Tony Nateras
Batting: RHB Geoff Musico 0-0: Ball
1-0: Foul Ball, location: 2F
1-1: Ball
2-1: SINGLE (Groundball, 56D, EV 106.9 MPH)
Batting: RHB Edgar Klockow 0-0: Fly out, F8 (Flyball, 8RD, EV 90.0 MPH)
Batting: RHB Chris Rouleau 0-0: Ball
1-0: Ball
2-0: SINGLE (Groundball, 13, EV 87.5 MPH) (infield hit)
Geoff Musico to second
Batting: SHB Justin Towry 0-0: Called Strike
0-1: Ball
1-1: Fly out, F5 (Popup, 25, EV 81.9 MPH)
Batting: SHB Justin Houser 0-0: Called Strike
0-1: Ball
1-1: Ball
2-1: Ball
3-1: Base on Balls
Geoff Musico to third
Chris Rouleau to second
Batting: LHB Ignacio Ocampo 0-0: Ball
1-0: Ball
2-0: Ball
3-0: Called Strike
3-1: Foul Ball, location: 2F
3-2: Foul Ball, location: 2F
3-2: DOUBLE (Line Drive, 9LD, EV 105.6 MPH)
Geoff Musico scores
Chris Rouleau scores
Justin Houser to third
Justin Houser scores
Pitching: RHP Mike Zambrano Jr.
Batting: RHB Adam Hudson 0-0: SINGLE (Groundball, 56D, EV 110.6 MPH)
Ignacio Ocampo to third
Runner from 3rd tries for Home, SAFE, throw by LF to home
Batting: RHB Sal Guzman 0-0: Ball
1-0: Swinging Strike
1-1: Foul Ball, location: 2F
1-2: Ground out 3-1 (Groundball, 34, EV 87.5 MPH)
Bottom of the 2nd over - 4 runs, 4 hits, 0 errors, 1 left on base; San Francisco (APP) 0 - Johnson City 6
TOP OF THE 3RD
San Francisco (APP) Giants batting - Pitching for Johnson City Cardinals : LHP Gonnohyoe Hata
Batting: RHB Zach Maguire 0-0: Swinging Strike
0-1: Ball
1-1: Foul Ball, location: 2F
1-2: Foul Ball, location: 2F
1-2: Ball
2-2: Ball
3-2: Foul Ball, location: 2F
3-2: Base on Balls
Batting: RHB Teruhide Horiuchi 0-0: Ball
1-0: Called Strike
1-1: Ground out 4-3 (Groundball, 4D, EV 103.8 MPH)
Zach Maguire to second
Batting: RHB Chris Kulik 0-0: Ball
1-0: Called Strike
1-1: Ball
2-1: Swinging Strike
2-2: Ball
3-2: Strikes out looking
Batting: LHB Mason Duffy 0-0: Ball
1-0: Foul Ball, location: 2F
1-1: Foul Ball, location: 2F
1-2: Ball
2-2: Foul Ball, location: 2F
2-2: Strikes out swinging
Top of the 3rd over - 0 runs, 0 hits, 0 errors, 1 left on base; San Francisco (APP) 0 - Johnson City 6
BOTTOM OF THE 3RD
Johnson City Cardinals batting - Pitching for San Francisco (APP) Giants : RHP Mike Zambrano Jr.
Batting: RHB Sam Daw 0-0: Foul Ball, location: 2F
0-1: Called Strike
0-2: Ball
1-2: Foul Ball, location: 2F
1-2: Ball
2-2: Ball
3-2: Base on Balls
Batting: RHB Geoff Musico 0-0: Grounds into double play, 6-4-3 (Groundball, 6, EV 100.0 MPH)
Batting: RHB Edgar Klockow 0-0: Swinging Strike
0-1: Ball
1-1: Swinging Strike
1-2: Ball
2-2: SINGLE (Groundball, 6, EV 100.0 MPH)
Batting: RHB Chris Rouleau 0-0: Ball
1-0: Fly out, F2 (Popup, 5SF, EV 74.4 MPH)
Bottom of the 3rd over - 0 runs, 1 hit, 0 errors, 1 left on base; San Francisco (APP) 0 - Johnson City 6
TOP OF THE 4TH
San Francisco (APP) Giants batting - Pitching for Johnson City Cardinals : LHP Gonnohyoe Hata
Batting: RHB Coen Dirks 0-0: Ball
1-0: Called Strike
1-1: Ball
2-1: Ball
3-1: SOLO HOME RUN (Flyball, 7D, EV 103.8 MPH), Distance : 393 ft
Batting: LHB Steve Nevis 0-0: Fly out, F9 (Flyball, 9, EV 91.2 MPH)
Batting: RHB Edwin Verdugo 0-0: Ball
1-0: Foul Ball, location: 2F
1-1: Ball
2-1: Foul Ball, location: 2F
2-2: Ball
3-2: DOUBLE (Flyball, 89D, EV 101.2 MPH)
Pitching: RHP Nick Durham
Batting: RHB Brian Rogers 0-0: Ball
Edwin Verdugo steals 3rd base
1-0: Ball
2-0: Ball
3-0: Base on Balls
Batting: RHB Billy Pranger 0-0: Called Strike
0-1: Swinging Strike
0-2: Ball
1-2: Foul Ball, location: 2F
1-2: Strikes out swinging
Batting: RHB Zach Maguire 0-0: Called Strike
0-1: Foul Ball, location: 2F
0-2: Strikes out looking
Top of the 4th over - 1 run, 2 hits, 0 errors, 2 left on base; San Francisco (APP) 1 - Johnson City 6
BOTTOM OF THE 4TH
Johnson City Cardinals batting - Pitching for San Francisco (APP) Giants : RHP Mike Zambrano Jr.
Batting: SHB Justin Towry 0-0: Foul Ball, location: 2F
0-1: Ball
1-1: Ball
2-1: SINGLE (Groundball, 3D, EV 103.1 MPH)
Batting: SHB Justin Houser 0-0: Ball
1-0: Ball
2-0: Swinging Strike
2-1: Foul Ball, location: 2F
2-2: Strikes out swinging
Pitching: RHP Wally Dethridge
Batting: LHB Ignacio Ocampo 0-0: DOUBLE (Line Drive, 7LS, EV 113.8 MPH)
Justin Towry to third
Batting: RHB Adam Hudson 0-0: 3-RUN HOME RUN (Flyball, 78XD, EV 100.0 MPH), Distance : 415 ft
Batting: RHB Sal Guzman 0-0: Called Strike
0-1: Swinging Strike
0-2: Ball
1-2: Ground out 5-3 (Groundball, 56, EV 100.0 MPH)
Batting: RHB Sam Daw 0-0: Ball
1-0: Ground out 5-3 (Groundball, 5L, EV 103.8 MPH)
Bottom of the 4th over - 3 runs, 3 hits, 0 errors, 0 left on base; San Francisco (APP) 1 - Johnson City 9
TOP OF THE 5TH
San Francisco (APP) Giants batting - Pitching for Johnson City Cardinals : RHP Nick Durham
Batting: RHB Teruhide Horiuchi 0-0: Ball
1-0: Ground out U3 (Groundball, 34, EV 80.6 MPH)
Batting: RHB Chris Kulik 0-0: Fly out, F4 (Popup, 4MD, EV 65.0 MPH)
Batting: LHB Mason Duffy 0-0: Ball
1-0: Ball
2-0: Ball
3-0: Called Strike
3-1: Base on Balls
Batting: RHB Coen Dirks 0-0: Ball
1-0: Foul Ball, location: 2F
1-1: Foul Ball, location: 2F
1-2: Foul Ball, location: 2F
1-2: Foul Ball, location: 2F
1-2: Ball
Mason Duffy is caught stealing 2nd base 2-4
Top of the 5th over - 0 runs, 0 hits, 0 errors, 0 left on base; San Francisco (APP) 1 - Johnson City 9
BOTTOM OF THE 5TH
Johnson City Cardinals batting - Pitching for San Francisco (APP) Giants : RHP Wally Dethridge
Batting: RHB Geoff Musico 0-0: Called Strike
0-1: Ball
1-1: Called Strike
1-2: SINGLE (Line Drive, 9S, EV 99.4 MPH)
Batting: RHB Edgar Klockow 0-0: Ball
1-0: Foul Ball, location: 2F
1-1: Ball
2-1: Called Strike
2-2: Strikes out swinging
Batting: RHB Chris Rouleau 0-0: Ball
1-0: Ball
Wild Pitch!
Geoff Musico to second
2-0: Ball
3-0: Base on Balls
Batting: SHB Justin Towry 0-0: Ball
1-0: Ball
2-0: Foul Ball, location: 2F
2-1: Ball
3-1: Fielders Choice at 2nd, 4-6 (Groundball, 4S, EV 82.5 MPH)
Geoff Musico to third
Batting: SHB Justin Houser 0-0: Called Strike
0-1: Foul Ball, location: 2F
0-2: Ground out 4-3 (Groundball, 34, EV 85.0 MPH)
Bottom of the 5th over - 0 runs, 1 hit, 0 errors, 2 left on base; San Francisco (APP) 1 - Johnson City 9
TOP OF THE 6TH
San Francisco (APP) Giants batting - Pitching for Johnson City Cardinals : RHP Nick Durham
Batting: RHB Coen Dirks 0-0: Called Strike
0-1: Foul Ball, location: 2F
0-2: Ball
1-2: Ball
2-2: Strikes out swinging
Batting: LHB Steve Nevis 0-0: Foul Ball, location: 2F
0-1: Called Strike
0-2: Strikes out looking
Batting: RHB Edwin Verdugo 0-0: Ball
1-0: Ball
2-0: Foul Ball, location: 2F
2-1: Called Strike
2-2: Foul Ball, location: 2F
2-2: Strikes out swinging
Top of the 6th over - 0 runs, 0 hits, 0 errors, 0 left on base; San Francisco (APP) 1 - Johnson City 9
BOTTOM OF THE 6TH
Johnson City Cardinals batting - Pitching for San Francisco (APP) Giants : RHP Wally Dethridge
Batting: LHB Ignacio Ocampo 0-0: Fly out, F9 (Flyball, 89D, EV 84.4 MPH)
Batting: RHB Adam Hudson 0-0: Fly out, F9 (Flyball, 9D, EV 94.4 MPH)
Batting: RHB Sal Guzman 0-0: Ball
1-0: Ball
2-0: Fly out, F8 (Flyball, 8LM, EV 86.9 MPH)
Bottom of the 6th over - 0 runs, 0 hits, 0 errors, 0 left on base; San Francisco (APP) 1 - Johnson City 9
TOP OF THE 7TH
San Francisco (APP) Giants batting - Pitching for Johnson City Cardinals : RHP Nick Durham
DELAY Rain delay of 30 minutes in the 7th inning.
Pitching: LHP Andy Fitzsimmons
Batting: RHB Brian Rogers 0-0: Ball
1-0: Ball
2-0: Ball
3-0: Base on Balls
Batting: RHB Billy Pranger 0-0: Ball
Passed Ball!
Brian Rogers to second
1-0: Called Strike
1-1: Called Strike
1-2: Ball
2-2: Strikes out looking
Batting: RHB Zach Maguire 0-0: Ball
1-0: Ball
2-0: Ball
3-0: Swinging Strike
3-1: Base on Balls
Batting: RHB Teruhide Horiuchi 0-0: Foul Ball, location: 2F
0-1: Fielders Choice at 2nd, 6-4 (Groundball, 6, EV 85.6 MPH)
Brian Rogers to third
Batting: RHB Chris Kulik 0-0: Ball
1-0: Ball
2-0: Ball
3-0: Base on Balls
Teruhide Horiuchi to second
Batting: LHB Mason Duffy 0-0: Ball
1-0: GRAND SLAM HOME RUN (Flyball, 9LD, EV 99.4 MPH), Distance : 353 ft
Pitching: RHP Tony Bonilla
Batting: RHB Coen Dirks 0-0: Fly out, F8 (Flyball, 8RM, EV 86.2 MPH)
Top of the 7th over - 4 runs, 1 hit, 0 errors, 0 left on base; San Francisco (APP) 5 - Johnson City 9
BOTTOM OF THE 7TH
Johnson City Cardinals batting - Pitching for San Francisco (APP) Giants : RHP Wally Dethridge
Pitching: LHP Christian Rogers
Batting: RHB Sam Daw 0-0: Ball
1-0: Ball
2-0: Foul Ball, location: 2F
2-1: Foul Ball, location: 2F
2-2: Foul Ball, location: 2F
2-2: Strikes out swinging
Batting: RHB Geoff Musico 0-0: Called Strike
0-1: Ball
1-1: Swinging Strike
1-2: Foul Ball, location: 2F
1-2: SOLO HOME RUN (Flyball, 7LD, EV 91.9 MPH), Distance : 346 ft
Batting: RHB Edgar Klockow 0-0: Called Strike
0-1: Called Strike
0-2: Strikes out swinging
Batting: RHB Chris Rouleau 0-0: Ball
1-0: Called Strike
1-1: Ground out 6-3 (Groundball, 6, EV 93.8 MPH)
Bottom of the 7th over - 1 run, 1 hit, 0 errors, 0 left on base; San Francisco (APP) 5 - Johnson City 10
TOP OF THE 8TH
San Francisco (APP) Giants batting - Pitching for Johnson City Cardinals : RHP Tony Bonilla
Batting: LHB Steve Nevis 0-0: Called Strike
0-1: Called Strike
0-2: Foul Ball, location: 2F
0-2: Ball
1-2: Reached on error, E6 (Groundball, 56, EV 83.8 MPH)
Batting: RHB Edwin Verdugo 0-0: Ball
1-0: Reached on error, E4 (Groundball, 4, EV 91.9 MPH)
Steve Nevis to second
Batting: RHB Brian Rogers 0-0: Ball
1-0: Called Strike
1-1: Foul Ball, location: 2F
1-2: Ball
2-2: Strikes out swinging
Batting: RHB Billy Pranger 0-0: Ball
1-0: Swinging Strike
1-1: Foul Ball, location: 2F
1-2: Strikes out swinging
Batting: RHB Zach Maguire 0-0: Called Strike
0-1: Swinging Strike
0-2: Ball
1-2: Strikes out swinging
Top of the 8th over - 0 runs, 0 hits, 2 errors, 2 left on base; San Francisco (APP) 5 - Johnson City 10
BOTTOM OF THE 8TH
Johnson City Cardinals batting - Pitching for San Francisco (APP) Giants : LHP Christian Rogers
Batting: SHB Justin Towry 0-0: Called Strike
0-1: Ball
1-1: Ball
2-1: Ball
3-1: Foul Ball, location: 2F
3-2: Foul Ball, location: 2F
3-2: Base on Balls
Pitching: RHP Jonathan Fritzinger
Batting: SHB Justin Houser 0-0: Foul Ball, location: 2F
0-1: Called Strike
Justin Towry steals 2nd base
0-2: Ball
1-2: Ball
2-2: Strikes out swinging
Batting: LHB Ignacio Ocampo 0-0: Ground out 5-3 (Groundball, 56S, EV 72.5 MPH)
Justin Towry to third
Batting: RHB Adam Hudson 0-0: Ball
1-0: Foul Ball, location: 2F
1-1: Swinging Strike
1-2: Ball
2-2: Ball
3-2: Base on Balls
Batting: RHB Sal Guzman 0-0: Fielders Choice at 2nd, U4 (Groundball, 4M, EV 78.1 MPH)
Bottom of the 8th over - 0 runs, 0 hits, 0 errors, 2 left on base; San Francisco (APP) 5 - Johnson City 10
TOP OF THE 9TH
San Francisco (APP) Giants batting - Pitching for Johnson City Cardinals : RHP Tony Bonilla
Batting: RHB Teruhide Horiuchi 0-0: Swinging Strike
0-1: Ball
1-1: Ball
2-1: Called Strike
2-2: SINGLE (Groundball, 4MD, EV 98.8 MPH)
Pinch Hitting: LHB Takaaki Nishimoto 0-0: Swinging Strike
0-1: Swinging Strike
0-2: Strikes out swinging
Batting: LHB Mason Duffy 0-0: Ball
1-0: Foul Ball, location: 2F
1-1: Swinging Strike
1-2: Foul Ball, location: 2F
1-2: Foul Ball, location: 2F
1-2: Ball
2-2: Strikes out swinging
Batting: RHB Coen Dirks 0-0: Fly out, F9 (Flyball, 9D, EV 103.8 MPH)
Top of the 9th over - 0 runs, 1 hit, 0 errors, 1 left on base; San Francisco (APP) 5 - Johnson City 10
Thursday, December 15th , 2022 - OOTP Baseball 23.9 Build 102